 Dungeon Crawl Stone Soup version 0.18.1-50-g88ac8fd (webtiles) character file.

98 Amnesiac the Cutter (level 4, 0/38 HPs)
             Began as a Merfolk Fighter on Mar 7, 2018.
             Slain by an ogre
             ... wielding a +0 giant club
              (23 damage)
             ... on level 4 of the Dungeon.
             The game lasted 00:02:32 (1276 turns).

Amnesiac the Cutter (Merfolk Fighter)               Turns: 1276, Time: 00:02:33

Health: 0/38       AC:  3    Str: 17    XL:     4   Next: 69%
Magic:  4/4        EV:  6    Int:  7    God:
Gold:   86         SH:  9    Dex: 13    Spells: 0 memorised, 3 levels left

rFire  . . .     SeeInvis .     a - +0 rapier
rCold  . . .     Gourm    .     b - +0 scale mail
rNeg   . . .     Faith    .     c - +0 shield
rPois  .         Spirit   .     (helmet restricted)
rElec  .         Dismiss  .     (no cloak)
rCorr  .         Reflect  .     (no gloves)
SustAt .         Harm     .     (no boots)
MR     .....                    (no amulet)
Stlth  ..........               (no ring)
                                (no ring)

@: not resistant to hostile enchantments, extremely unstealthy
A: change form in water, swift swim, horns 1, deformed body, robust 1
a: no special abilities


You were on level 4 of the Dungeon.
You were not hungry.

You visited 1 branch of the dungeon, and saw 4 of its levels.

You collected 86 gold pieces.

Inventory:

Hand Weapons
 a - a +0 rapier (weapon)
Missiles
 k - 15 poisoned needles
Armour
 b - a +0 scale mail (worn)
 c - a +0 shield (worn)
Jewellery
 l - a +3 amulet of reflection {unknown}
Scrolls
 h - a scroll of remove curse {!r, unknown}
 j - a scroll of teleportation {!r, unknown}
 m - 3 scrolls of identify {!r}
 n - a scroll of amnesia {!r, unknown}
 q - a scroll of magic mapping {!r, unknown}
Potions
 d - a potion of might {!q}
 e - a potion of degeneration {!q, unknown}
Comestibles
 f - a bread ration
 o - a beef jerky
 p - 3 chunks of flesh


   Skills:
 - Level 3.2 Fighting
 + Level 5.7 Short Blades
 - Level 2.1 Armour
 - Level 3.0 Shields


You had 3 spell levels left.
You didn't know any spells.

Dungeon Overview and Level Annotations

Branches:
Dungeon (4/15)
 Temple: D:4-7

Altars:
Gozag
Nemelex Xobeh

Annotations:
D:2 Robin


Innate Abilities, Weirdness & Mutations

You revert to your normal form in water.
You are very nimble and swift while swimming.
You have a pair of small horns on your head.
Armour fits poorly on your strangely shaped body.
You are robust (+10% HP).


Message History

Read which item? (? for menu, Esc to quit)
Really read
m - 4 scrolls labeled OCKEAMN BEXEAW {!r}?
As you read the scroll labeled OCKEAMN BEXEAW {!r}, it crumbles to dust.
It is a scroll of identify.
Identify which item? (\ to view known items) (? for menu, Esc to quit)
i - a potion of mutation {!q} You feel sick.
You block the worker ant's attack.
Drink which item? (? for menu, Esc to quit)
Really quaff
i - a potion of mutation {!q}?
You feel extremely strange. A pair of horns grows on your head!
Your body twists and deforms.
You feel robust. The worker ant bites you.
You are more poisoned.
The worker ant poisons you!
Drink which item? (? for menu, Esc to quit)
Really quaff
g - 3 metallic red potions {!q}?
It was a potion of curing {!q}.
You feel better.
The worker ant bites you but does no damage.
You hit the worker ant. You headbutt the worker ant.
The worker ant is heavily wounded.
The worker ant bites you.
You hit the worker ant. You headbutt the worker ant.
You kill the worker ant!
You see here a worker ant corpse.
You see here a worker ant corpse.
You butcher the worker ant corpse.
p - 13 chunks of flesh (gained 3)
You start resting.
Some of the chunks of flesh in your inventory have rotted away.
HP restored.
An ogre comes into view. It is wielding a giant club.
The ogre shouts!
An ogre is nearby!
An ogre is nearby!
You puncture the ogre! You headbutt the ogre!
The ogre is heavily wounded.
The ogre hits you with a giant club!!
Ouch! That really hurt!
* * * LOW HITPOINT WARNING * * *
Found 15 stones.
You aren't carrying any items that you can evoke.
Drink which item? (? for menu, Esc to quit)
Really quaff
g - 2 potions of curing {!q}?
You feel better. You block the ogre's attack.
Drink which item? (? for menu, Esc to quit)
Really quaff
g - a potion of curing {!q}?
You feel better.
You hit the ogre.
The ogre is heavily wounded.
You block the ogre's attack.
You barely miss the ogre.
The ogre is heavily wounded.
The ogre completely misses you.
You barely miss the ogre. You headbutt the ogre.
The ogre is severely wounded.
You block the ogre's attack.
You closely miss the ogre.
The ogre is severely wounded.
You completely miss the ogre.
The ogre is severely wounded.
The ogre hits you with a giant club!!
Ouch! That really hurt!
You die...

### ##@## #######
#####.#O## #.....#
##....###.######.....#
#....## ##...........#
#.....###..........>.#
#.#.##.#.###.###.....#
#....##..# #.# ###..##
#.....##.# #.# #..#
#.......#.# #+# #..#


You could see an ogre.

Vanquished Creatures
  A worker ant (D:4)
  A hound skeleton (D:4)
  2 adders (D:3)
  10 orcs (D:4)
  A bat (D:3)
  2 giant cockroaches
  3 goblins
  4 hobgoblins
  2 quokkas (D:2)
  A ball python skeleton (D:4)
  2 giant newts (D:3)
  2 kobolds
  A quokka skeleton (D:4)
  3 rats
35 creatures vanquished.

Notes
Turn   | Place    | Note
--------------------------------------------------------------
     0 | D:1      | Amnesiac the Merfolk Fighter began the quest for the Orb.
     0 | D:1      | Reached XP level 1. HP: 18/18 MP: 1/1
   138 | D:2      | Reached skill level 3 in Short Blades
   204 | D:2      | Reached XP level 2. HP: 19/24 MP: 2/2
   231 | D:2      | Found an opulent altar of Gozag.
   231 | D:2      | Found a sparkling altar of Nemelex Xobeh.
   412 | D:3      | Reached skill level 4 in Short Blades
   412 | D:3      | Reached XP level 3. HP: 26/29 MP: 3/3
   460 | D:2      | Noticed Robin
   991 | D:4      | Reached skill level 5 in Short Blades
  1006 | D:4      | Reached XP level 4. HP: 26/35 MP: 4/4
  1210 | D:4      | Gained mutation: You have a pair of small horns on your head. [potion of mutation]
  1210 | D:4      | Gained mutation: Armour fits poorly on your strangely shaped body. [potion of mutation]
  1210 | D:4      | Gained mutation: You are robust (+10% HP). [potion of mutation]
  1258 | D:4      | Noticed an ogre
  1276 | D:4      | Slain by an ogre

Skill      XL: |  1  2  3 |
---------------+----------+-----
Short Blades   | 3 4 5 |  5.7
Fighting       | |  3.2
Armour         | |  2.1
Shields        | |  3.0

Action                   |  1- 3 |  4- 6 || total
-------------------------+-------+-------++-------
Melee: Rapier            |   117 |    26 ||   143
       Headbutt          |       |     4 ||     4
  Use: Potion            |       |     4 ||     4
       Scroll            |       |     2 ||     2
  Eat: Chunk             |       |     1 ||     1
Armor: Scale mail        |    42 |    10 ||    52
Dodge: Dodged            |    21 |     3 ||    24
Block: Shield            |    51 |    12 ||    63
